 Dungeon Crawl Stone Soup version 0.31-a0-354-g827e0957a7 (webtiles) character file.

Game seed: 5541059145896391402

254202 Bnni the Metamorph (level 19, -7/208 HPs)
             Began as an Octopode Shapeshifter on July 24, 2023.
             Was an Initiate of Gozag.
             Mangled by an acid blob (24 damage)
             ... created by the Royal Jelly
             ... on level 4 of the Pits of Slime.
             The game lasted 01:28:31 (30528 turns).

Bnni the Metamorph (Octopode Shapeshifter)         Turns: 30528, Time: 01:28:33

Health: -7/208     AC: 13    Str: 22    XL:     19   Next: 74%
Magic:  1/32       EV: 20    Int: 15    God:    Gozag
Gold:   3575       SH:  0    Dex: 24    Spells: 10/24 levels left

rFire   + +          +
                       - Unarmed
rCold   + . .        b - melded +3 warlock's mirror {omnireflect}
rNeg    . . .        Z - melded +2 hat of Loss {Contam rElec rPois Int+5}
rPois   +            M - amulet of regeneration
rElec   .            n - +4 ring of protection
rCorr   +            s - +4 ring of protection
SInv    .            e - ring of Dimm {rCorr Int+2 Dex+6}
Will    +....        G - ring of protection from cold
Stlth   ++++++       r - ring of Wemiotool {rF++ MP+9 EV+5 Slay+3}
HPRegen 1.34/turn    t - +4 ring of protection
MPRegen 0.23/turn    O - ring of protection from cold
                     X - ring "Coruat" {AC+4 Stlth+}

%: no passive effects
@: dragon-form, engulfed (cannot breathe), corroded, flying
A: dragon claw, dragon scales, breathe fire, flying, boosted hp, almost no
armour, amphibious, 8 rings, giant, (camouflage 1), (gelatinous body 1), (nimble
swimmer 1), (tentacles), weak 1
}: 2/15 runes: decaying, gossamer
a: Breathe Fire, Begin Untransformation, Renounce Religion, Potion Petition,
Call Merchant, Bribe Branch


You were on level 4 of the Pits of Slime.
You worshipped Gozag.
Gozag was most pleased with you.
You were a fearsome dragon!
You visited 7 branches of the dungeon, and saw 36 of its levels.
You also visited: Gauntlet.

You collected 13981 gold pieces.
You spent 2607 gold pieces at shops.
You paid 7799 gold pieces to Gozag.

Inventory:

Missiles
 A - 11 curare-tipped darts
 T - 2 boomerangs of dispersal
 U - 7 throwing nets
Armour
 b - the +3 warlock's mirror (melded) {omnireflect}
   (You acquired it on level 11 of the Dungeon)

   Omnireflect: It can block and reflect piercing ranged attacks and magical
   attacks against the wielder's willpower.
 Z - the +2 hat of Loss (melded) {Contam rElec rPois Int+5}
   (You found it in a Gauntlet)

   Int:       It affects your intelligence (+5).
   rElec:     It insulates you from electricity.
   rPois:     It protects you from poison.
   Contam:    It causes magical contamination when unequipped.
Jewellery
 e - the ring of Dimm (on tentacle) {rCorr Int+2 Dex+6}
   (You acquired it on level 5 of the Lair of Beasts)

   [ring of dexterity]

   Int:       It affects your intelligence (+2).
   Dex:       It affects your dexterity (+6).
   rCorr:     It protects you from acid and corrosion.
 j - a ring of protection from fire
 n - a +4 ring of protection (left foreclaw)
 r - the ring of Wemiotool (on tentacle) {rF++ MP+9 EV+5 Slay+3}
   (You acquired it in the Ecumenical Temple)

   [ring of evasion]

   EV:        It affects your evasion (+5).
   Slay:      It affects your accuracy & damage with ranged weapons and melee
   (+3).
   rF:        It greatly protects you from fire.
   MP:        It affects your magic capacity (+9).
 s - a +4 ring of protection (right foreclaw)
 t - a +4 ring of protection (on tentacle)
 y - a ring of ice
 z - a ring of flight
 D - a ring of positive energy
 G - a ring of protection from cold (on tentacle)
 M - an amulet of regeneration (around neck)
 O - a ring of protection from cold (on tentacle)
 V - a ring of see invisible
 X - the ring "Coruat" (on tentacle) {AC+4 Stlth+}
   (You found it in a Gauntlet)

   [ring of protection]

   AC:        It affects your AC (+4).
   Stlth:     It makes you more stealthy.
Talismans
 I - a dragon-blood talisman
 W - a granite talisman
Wands
 g - a wand of flame (33)
 k - a wand of charming (43)
 o - a wand of roots (17)
 B - a wand of acid (10)
 H - a wand of polymorph (15)
 J - a wand of mindburst (7)
 Y - a wand of digging (9)
Scrolls
 a - 2 scrolls of blinking
 i - 6 scrolls of poison
 l - 14 scrolls of teleportation
 m - 3 scrolls of fog
 q - 6 scrolls of immolation
 v - 3 scrolls of silence
 w - 3 scrolls of revelation
 F - 4 scrolls of enchant armour
 N - a scroll of fear
 S - a scroll of summoning
Potions
 c - 3 potions of haste
 d - 11 potions of curing
 f - 8 potions of might
 h - 3 potions of heal wounds
 p - 9 potions of enlightenment
 u - 3 potions of invisibility
 C - 4 potions of berserk rage
 E - 3 potions of cancellation
 K - 6 potions of mutation
 L - 5 potions of resistance
 Q - 11 potions of ambrosia
 R - 3 potions of attraction
Miscellaneous
 x - a phantom mirror


   Skills:
 + Level 15.0 Fighting
 + Level 10.0 Dodging
 - Level 9.0 Stealth
 * Level 18.6 Unarmed Combat
 - Level 3.0 Spellcasting
 - Level 6.0 Translocations
 - Level 5.0 Transmutations
 - Level 6.0 Ice Magic
 - Level 6.0 Air Magic
 * Level 19.5 Shapeshifting


You had 10 spell levels left.
You knew the following spells:

 Your Spells              Type           Power      Damage    Failure   Level
a - Lesser Beckoning      Tloc           40%        N/A       2%          2
d - Vhi's Electric Charg  Tloc/Air       40%        N/A       4%          3
o - Ozocubu's Armour      Ice            20%        N/A       4%          3
s - Swiftness             Air            20%        N/A       4%          3
w - Wereblood             Tmut           17%        N/A       3%          2
z - Apportation           Tloc           40%        N/A       1%          1

Your spell library contained the following spells:

 Spells                   Type           Power      Damage    Failure   Level
 Gell's Gravitas          Tloc           20%        N/A       4%          3
 Teleport Other           Tloc           20%        N/A       4%          3
 Shock                    Conj/Air       44%        1d5       6%          1
 Ensorcelled Hibernation  Hex/Ice        22%        N/A       9%          2
 Passwall                 Tmut/Erth      7%         N/A       11%         2
 Portal Projectile        Hex/Tloc       22%        N/A       17%         3
 Airstrike                Air            10%        2d(2-18)  17%         4
 Foxfire                  Conj/Fire      8%         2x1d4     21%         1
 Magic Dart               Conj           8%         1d3       21%         1
 Slow                     Hex            8%         N/A       21%         1
 Mephitic Cloud           Conj/Pois/Air  8%         N/A       26%         3
 Call Imp                 Summ           4%         N/A       30%         2
 Scorch                   Fire           4%         2d5       30%         2
 Searing Ray              Conj           4%         2d4       30%         2
 Sublimation of Blood     Necr           2%         N/A       30%         2
 Iskenderun's Mystic Bla  Conj/Tloc      11%        2d4       50%         4
 Summon Ice Beast         Ice/Summ       11%        N/A       50%         4
 Call Canine Familiar     Summ           2%         N/A       52%         3
 Confusing Touch          Hex            2%         N/A       52%         3
 Dazzling Flash           Conj/Hex       4%         N/A       52%         3
 Tukima's Dance           Hex            2%         N/A       52%         3
 Vampiric Draining        Necr           2%         2d6       52%         3
 Arcjolt                  Conj/Air       5%         1d15      85%         5
 Silence                  Hex/Air        5%         N/A       85%         5
 Flame Wave               Conj/Fire      2%         2d4       89%         4
 Fulminant Prism          Conj/Hex       1%         3d5       89%         4
 Leda's Liquefaction      Hex/Erth       1%         N/A       89%         4
 Alistair's Intoxication  Tmut/Pois      6%         N/A       89%         5
 Agony                    Necr           2%         N/A       99%         5
 Summon Mana Viper        Hex/Summ       2%         N/A       99%         5
 Conjure Ball Lightning   Conj/Air       5%         3x3d6     100%        6
 Plasma Beam              Fire/Air       5%         2x1d16    100%        6
 Starburst                Conj/Fire      1%         6d3       100%        6
 Summon Cactus Giant      Summ           1%         N/A       100%        6
 Haunt                    Necr/Summ      1%         N/A       100%        7
 Monstrous Menagerie      Summ           1%         N/A       100%        7
 Ozocubu's Refrigeration  Ice            10%        4d9       100%        7
 Summon Hydra             Summ           1%         N/A       100%        7
 Discord                  Hex            1%         N/A       100%        8
 Disjunction              Tloc           10%        N/A       100%        8
 Infestation              Necr           1%         N/A       100%        8
 Maxwell's Capacitive Co  Air            10%        ∞         100%        8
 Animate Dead             Necr           Unusable   N/A       N/A         4

Dungeon Overview and Level Annotations

Branches:
Dungeon (15/15)            Temple (1/1) D:6            Lair (5/5) D:11
  Swamp (4/4) Lair:3       Spider (4/4) Lair:2        Slime (5/5) Lair:5
    Orc (2/2) D:12            Elf (0/3) Orc:2        Vaults (0/5) D:14
 Depths (0/4) D:15        Gauntlet (visited)

Altars:
Ashenzari
Cheibriados
Dithmenos
Elyvilon
Fedhas
Gozag
Hepliaklqana
Kikubaaqudgha
Makhleb
Nemelex Xobeh
Okawaru
Qazlal
Ru
Sif Muna
Trog
Uskayaw
Vehumet
Wu Jian
Xom
Yredelemnul
Zin
The Shining One
Jiyva

Shops:
D:7 :   D:9 :   D:12 *   Orc:2 **[*:   Lair:1 ::**   Swamp:1 :   Spider:1 [

Annotations:
Slime:5 Royal Jelly


Innate Abilities, Weirdness & Mutations

You are a fearsome dragon!
You have a powerful clawing attack.
Your giant scaled body is strong and resiliant, but less evasive.
You can breathe fire.
You are flying.
Your maximum health is greatly increased.
Your armour is entirely melded.
You are incapable of wielding weapons or throwing items.
You cannot wear most types of armour.
You are amphibious.
You can wear up to eight rings at the same time.
((Your skin changes colour to match your surroundings (Stealth+).))
((Your rubbery body absorbs attacks. (AC +1, EV +1)))
((You are camouflaged when in or above water. (Stealth+)))
((You have tentacles for arms and can constrict up to eight enemies at once.))
You are weak. (Str -2)


Message History

* * * LOW HITPOINT WARNING * * *
You feel your power leaking away. The acid blob spits acid at you.
The splash of acid hits you! You resist.
* * * LOW HITPOINT WARNING * * *
The acid blob barely misses you. The quicksilver ooze hits you.
* * * LOW HITPOINT WARNING * * *
The quicksilver ooze hits you.
* * * LOW HITPOINT WARNING * * *
You feel your power leaking away.
You feel much better.
* * * LOW HITPOINT WARNING * * *
Your lungs strain for air!
The acid blob hits you!
* * * LOW HITPOINT WARNING * * *
You are splashed with acid.
You resist.
* * * LOW HITPOINT WARNING * * *
The acid blob completely misses you. The quicksilver ooze hits you.
The quicksilver ooze misses you. The acid blob spits acid at you.
The splash of acid hits you! You resist.
* * * LOW HITPOINT WARNING * * *
Unknown command.
You cannot read scrolls while unable to breathe!
Okay, then.
Okay, then.
You feel much better.
* * * LOW HITPOINT WARNING * * *
Your lungs strain for air!
The quicksilver ooze hits you. The quicksilver ooze hits you!
* * * LOW HITPOINT WARNING * * *
You feel your power leaking away. The acid blob hits you.
* * * LOW HITPOINT WARNING * * *
The acid corrodes you!
You are splashed with acid.
You resist.
* * * LOW HITPOINT WARNING * * *
The quicksilver ooze completely misses you. x2
The acid blob misses you. The acid blob hits you!!
You die...
Your body crumbles into a pile of gold.

##....#........
##..........#...J#
#...........#....# ..#
...........#.#....### ...#
.........>........#.###....
.....................#....#
#..##^....................#
........J................#
...J......D..............##
#.........JJ<.............#
##.#..#........#.#.........
######...................#
#.........^..........
...........<.........
.#.##.........>^...... .###
#....#...........#
##...#............


You could see 2 acid blobs, an azure jelly (fleeing), a rockslime (fleeing) and
a quicksilver ooze.

Vanquished Creatures
  Arachne (Spider:4)
  Jorgrun (Swamp:1)
  6 acid blobs
  Frances (Swamp:1)
  The ghost of caveywoolpert the Spry, an adept MfMo of the Shining One (Swamp:4)
  Kirke (Spider:3)
  A fenstrider witch (Swamp:1)
  4 azure jellies
  5 rockslimes
  Roxanne (Swamp:2)
  6 ghost moths
  7 emperor scorpions
  A reaper (Gauntlet)
  An orc warlord (Orc:1)
  A stone giant (D:15)
  3 ghouls (Swamp:4)
  2 quicksilver oozes
  3 broodmothers
  A minotaur (Gauntlet)
  4 eleionomae
  A bunyip (Swamp:3)
  Nessos (D:14)
  2 spark wasps
  Snorg (D:10)
  3 entropy weavers
  A fire dragon (Lair:5)
  A shambling mangrove (Swamp:4)
  Fannar (D:11)
  A vault guard (D:14)
  3 ice dragons (Swamp:4)
  A spriggan air mage (Swamp:4)
  2 jorogumos (Spider:4)
  9 hydras
  An ogre mage (D:15)
  A catoblepas (D:13)
  10 centaur warriors
  6 boulder beetles
  12 death yaks
  2 ghost crabs (Swamp:3)
  2 death scarabs (Gauntlet)
  12 alligators
  10 two-headed ogres
  3 tengu warriors
  10 demonic crawlers
  5 orc high priests (Orc:2)
  Urug (Lair:5)
  A pharaoh ant (Spider:3)
  5 goliath frogs
  Nergalle (Lair:1)
  12 spriggans
  4 skysharks
  A sun moth (Spider:1)
  5 spriggan druids
  10 swamp dragons
  A wizard (D:14)
  10 orb spiders
  A glowing orange brain (Slime:5)
  5 bog bodies
  A deep elf archer (D:12)
  2 spectral hydras (Gauntlet)
  3 lindwurms
  4 steelbarb worms
  8 orc knights
  5 wolf spider zombies (Spider:1)
  3 necromancers (D:14)
  4 spectral wolf spiders (Spider:1)
  A deep elf pyromancer (D:13)
  The ghost of NokRude the Slicer, a novice SpCK of Xom (D:8)
  2 orc sorcerers (Orc:2)
  24 wolf spiders
  4 shining eyes
  3 manticores
  6 will-o-the-wisps
  7 cyclopes
  6 ugly things
  3 moths of wrath
  A worldbinder (Gauntlet)
  17 elephants
  3 molten gargoyles (Lair:5)
  7 black mambas
  3 eyes of devastation
  8 torpor snails
  4 gargoyles
  Maggie (D:9)
  12 cane toads
  9 rime drakes
  2 kobold demonologists
  10 komodo dragons
  7 unseen horrors
  5 freezing wraiths
  2 yaktaurs (D:15)
  A queen bee (Lair:1)
  A meliai (shapeshifter) (D:15)
  2 tengu conjurers
  8 trolls
  2 wolf spider simulacra (Spider:1)
  2 bloated husks (Swamp:1)
  5 tyrant leeches
  24 tarantellas
  4 polar bears
  3 meliai (Spider:1)
  14 hornets
  23 blink frogs
  10 dream sheep
  28 slime creatures
  39 jumping spiders
  A shadow (D:9)
  9 wyverns
  A spriggan (shapeshifter) (D:13)
  17 culicivoras
  15 basilisks
  40 yaks
  A steam dragon (Lair:5)
  21 humans
  6 swamp worm simulacra (Swamp:4)
  3 hogs (Spider:3)
  14 vampire mosquitoes
  14 swamp worms
  4 wargs
  38 redbacks
  A spectral cane toad (Gauntlet)
  13 hydra simulacra (Swamp:4)
  4 hell hounds
  Duvessa (D:4)
  16 water moccasins
  53 orc warriors
  6 swamp drakes
  3 black bears
  An ice beast (D:6)
  2 sky beasts
  6 ogres
  23 wolves
  3 boggarts (Gauntlet)
  8 centaurs
  2 phantoms (D:4)
  6 kobold brigands
  2 necrophages (Swamp:4)
  8 bullfrogs
  2 gnoll sergeants
  5 scorpions
  Dowan (D:4)
  26 killer bees (Lair:1)
  12 electric eels
  2 howler monkeys
  5 lava snakes (Lair:5)
  A jelly (D:5)
  7 hounds
  34 orc priests
  A sleepcap (D:5)
  Natasha (twice) (D:4)
  9 hell rats (D:14)
  3 iguanas
  18 orc wizards
  A hound zombie (D:4)
  A hound skeleton (D:4)
  9 adders
  19 gnolls
  2 shadow imps
  4 white imps
  2 swamp drake simulacra (Swamp:4)
  An adder zombie (D:4)
  A worm (D:2)
  2 dart slugs
  77 orcs
  15 ball pythons
  10 endoplasms
  2 giant cockroaches
  9 goblins
  5 hobgoblins
  3 jackals
  2 quokkas
  8 bats
  A frilled lizard (D:2)
  38 kobolds
  6 rats
1241 creatures vanquished.

Vanquished Creatures (collateral kills)
  An electric eel (D:7)
  Natasha (D:4)
2 creatures vanquished.

Vanquished Creatures (others)
  An eleionoma (Swamp:1)
  An ice dragon (Swamp:4)
  A spriggan (Swamp:1)
  2 goliath frogs
  A cyclops (D:7)
  5 bloated husks
  A hornet (Swamp:1)
  3 vampire mosquitoes (Swamp:2)
  2 electric eels
  An orc wizard (D:5)
  30 foxfires
48 creatures vanquished.

Grand Total: 1291 creatures vanquished

Notes
Turn   | Place    | Note
-------+----------+-------------------------------------------
     0 | D:1      | Bnni the Octopode Shapeshifter began the quest for the Orb.
     0 | D:1      | Reached XP level 1. HP: 13/13 MP: 1/1
   122 | D:1      | Reached XP level 2. HP: 14/18 MP: 2/2
   463 | D:1      | Reached XP level 3. HP: 15/23 MP: 3/3
  1350 | D:2      | Reached XP level 4. HP: 20/29 MP: 4/4
  1548 | D:2      | Found an ancient bone altar of Kikubaaqudgha.
  1874 | D:2      | Found a faded altar of an unknown god.
  1991 | D:3      | Reached skill level 4 in Shapeshifting
  2224 | D:3      | Reached XP level 5. HP: 34/34 MP: 5/5
  2805 | D:4      | Reached XP level 6. HP: 41/41 MP: 6/6
  2930 | D:4      | Reached skill level 5 in Shapeshifting
  2930 | D:4      | Reached XP level 7. HP: 43/46 MP: 7/7
  2939 | D:4      | Found a glowing silver altar of Zin.
  2983 | D:4      | Found a snail-covered altar of Cheibriados.
  2994 | D:4      | Noticed Natasha
  2994 | D:4      | Noticed Duvessa
  2994 | D:4      | Noticed Dowan
  2999 | D:4      | Killed Natasha
  3004 | D:4      | Killed Duvessa
  3006 | D:4      | Killed Dowan
  3072 | D:4      | Found a hazy altar of Hepliaklqana.
  3078 | D:4      | Reached skill level 5 in Unarmed Combat
  3108 | D:4      | Noticed Natasha
  3140 | D:4      | Killed Natasha
  3218 | D:4      | Reached skill level 6 in Shapeshifting
  3218 | D:4      | Reached XP level 8. HP: 41/54 MP: 8/8
  3279 | D:4      | Noticed Natasha
  3285 | D:4      | Killed Natasha
  3334 | D:4      | Identified a scroll of acquirement
  3336 | D:5      | Entered Level 5 of the Dungeon
  3695 | D:5      | Identified the +10 mace of Vavuatryn {freeze, SInv Stlth+}
  3970 | D:5      | Found a glowing golden altar of the Shining One.
  4051 | D:5      | Reached skill level 5 in Fighting
  4150 | D:6      | Reached skill level 7 in Shapeshifting
  4223 | D:6      | Found a staircase to the Ecumenical Temple.
  4229 | Temple   | Entered the Ecumenical Temple
  4238 | Temple   | Became a worshipper of Gozag Ym Sagoz the Greedy
  4247 | Temple   | Acquired the ring of Wemiotool {rF++ MP+9 EV+5 Slay+3}
  4373 | D:6      | Reached XP level 9. HP: 61/61 MP: 9/9
  4378 | D:6      | Acquired a manual of Shapeshifting
  4819 | D:7      | Reached skill level 8 in Shapeshifting
  4905 | D:7      | Noticed a cyclops
  5802 | D:7      | Found Ekuor's Self-Improvement Boutique.
  6210 | D:8      | Found a runed translucent door.
  6210 | D:8      | Noticed NokRude's ghost (novice SpCK)
  6323 | D:8      | Noticed a hornet
  6328 | D:8      | Reached skill level 9 in Shapeshifting
  6328 | D:8      | Paralysed by a hornet for 2 turns
  6331 | D:8      | Killed a hornet
  6338 | D:8      | Reached XP level 10. HP: 45/69 MP: 10/10
  6532 | D:8      | Reached skill level 10 in Shapeshifting
  6643 | D:8      | Killed NokRude's ghost
  6868 | D:9      | Noticed a cyclops
  6876 | D:9      | Killed a cyclops
  7017 | D:9      | Found Toiri's Book Boutique.
  7022 | D:9      | Bought Ozocubu's Autobiography for 336 gold pieces
  7026 | D:9      | Learned a level 3 spell: Ozocubu's Armour
  7029 | D:9      | Noticed Maggie
  7033 | D:9      | Killed Maggie
  7233 | D:9      | Noticed a two-headed ogre
  7237 | D:9      | Killed a two-headed ogre
  7238 | D:9      | Reached skill level 1 in Ice Magic
  7238 | D:9      | Reached skill level 11 in Shapeshifting
  7265 | D:9      | Learned a level 1 spell: Apportation
  7690 | D:10     | Entered Level 10 of the Dungeon
  7867 | D:10     | Noticed a two-headed ogre
  7873 | D:10     | Killed a two-headed ogre
  7874 | D:10     | Reached XP level 11. HP: 75/75 MP: 11/11
  8128 | D:10     | Noticed a +0 dagger
  8129 | D:10     | Found a hide-covered altar of Uskayaw.
  8129 | D:10     | Noticed a +0 hand axe
  8181 | D:10     | Reached skill level 10 in Unarmed Combat
  8561 | D:10     | Noticed Snorg
  8570 | D:10     | Killed Snorg
  8677 | D:11     | Noticed a boulder beetle
  8691 | D:11     | Killed a boulder beetle
  8692 | D:11     | Reached skill level 12 in Shapeshifting
  8780 | D:11     | Reached skill level 5 in Dodging
  8788 | D:11     | Found a staircase to the Lair.
  8957 | D:11     | Noticed a two-headed ogre
  8974 | D:11     | Killed a two-headed ogre
  9148 | D:11     | Noticed a green ugly thing
  9157 | D:11     | Killed a green ugly thing
  9164 | D:11     | Acquired the +3 warlock's mirror {omnireflect}
  9164 | D:11     | Found the +3 warlock's mirror {omnireflect}
  9222 | D:11     | Noticed Fannar
  9243 | D:11     | Killed Fannar
  9244 | D:11     | Reached XP level 12. HP: 84/84 MP: 12/12
  9626 | D:12     | Reached skill level 13 in Shapeshifting
  9640 | D:12     | Noticed a two-headed ogre
  9661 | D:12     | Killed a two-headed ogre
  9963 | D:12     | Noticed a boulder beetle
  9972 | D:12     | Killed a boulder beetle
 10128 | D:12     | Noticed a centaur warrior
 10128 | D:12     | Noticed a centaur warrior
 10131 | D:12     | Noticed a centaur warrior
 10131 | D:12     | Noticed a centaur warrior
 10140 | D:12     | Killed a centaur warrior
 10141 | D:12     | Noticed a centaur warrior
 10148 | D:12     | Killed a centaur warrior
 10149 | D:12     | Reached skill level 5 in Ice Magic
 10150 | D:12     | Killed a centaur warrior
 10152 | D:12     | Killed a centaur warrior
 10156 | D:12     | Killed a centaur warrior
 10157 | D:12     | Reached skill level 14 in Shapeshifting
 10232 | D:12     | Identified the +7 spear of Arrival {venom, Drain Will+
                  | Str+4 Int+4}
 10235 | D:12     | Identified the +1 arbalest of Dung {penet, *Corrode rC+
                  | Int+2}
 10309 | D:12     | Found an iron altar of Okawaru.
 10353 | D:12     | Identified the +9 morningstar "Pamp" {flame, *Rage rElec
                  | Str+8 Stlth+}
 10354 | D:12     | Identified the +1 dagger of Uncertain Death {pain, Dex+5}
 10506 | D:12     | Reached XP level 13. HP: 90/90 MP: 13/13
 10807 | D:12     | Found a staircase to the Orcish Mines.
 10933 | D:12     | Bought a scroll of identify for 28 gold pieces
 11540 | D:14     | Reached skill level 10 in Fighting
 12081 | D:14     | Noticed Nessos
 12091 | D:14     | Killed Nessos
 12135 | D:14     | Reached skill level 15 in Shapeshifting
 12270 | D:14     | Identified the +1 cloak of Cowardice {*Corrode Str+3 Dex+2}
 12315 | D:14     | Noticed a vault guard
 12336 | D:14     | Killed a vault guard
 12375 | D:14     | Reached XP level 14. HP: 83/99 MP: 14/14
 12428 | D:14     | Found a gate to the Vaults.
 12679 | D:15     | Entered Level 15 of the Dungeon
 12938 | D:15     | Identified the +9 dagger of Disembowelment {antimagic, rN+}
 13536 | D:15     | Found a staircase to the Depths.
 13536 | D:15     | Noticed a stone giant
 13553 | D:15     | Killed a stone giant
 13809 | Lair:1   | Entered Level 1 of the Lair of Beasts
 13860 | Lair:1   | Noticed Nergalle
 13876 | Lair:1   | Killed Nergalle
 13991 | Lair:1   | Found a gate leading to a gauntlet.
 14000 | Gauntlet | Entered a Gauntlet
 14000 | Gauntlet | Found a transporter.
 14000 | Gauntlet | Found a transporter.
 14004 | Gauntlet | Found a transporter.
 14004 | Gauntlet | Found a transporter.
 14014 | Gauntlet | Found a transporter.
 14038 | Gauntlet | Found a transporter.
 14043 | Gauntlet | Found a transporter.
 14043 | Gauntlet | Found a transporter.
 14043 | Gauntlet | Noticed a reaper
 14047 | Gauntlet | Found a transporter.
 14074 | Gauntlet | Found a transporter.
 14085 | Gauntlet | Found a transporter.
 14109 | Gauntlet | Found a transporter.
 14143 | Gauntlet | Found a transporter.
 14159 | Gauntlet | Found a transporter.
 14263 | Gauntlet | Found a transporter.
 14281 | Gauntlet | Found a transporter.
 14390 | Gauntlet | Identified the +4 tower shield of Hepliaklqana's Hatred
                  | {rCorr Dex+5}
 14425 | Gauntlet | Reached skill level 16 in Shapeshifting
 14461 | Gauntlet | Identified the ring "Coruat" {AC+4 Stlth+}
 14531 | Gauntlet | Identified the +2 hat of Loss {Contam rElec rPois Int+5}
 14544 | Gauntlet | Killed a reaper
 14649 | Lair:1   | Reached skill level 1 in Stealth
 14682 | Lair:1   | Bought a scroll labelled APEFUE YHAYHEC for 27 gold pieces
 14682 | Lair:1   | Bought a potion of heal wounds for 135 gold pieces
 14986 | Lair:1   | Reached XP level 15. HP: 108/108 MP: 16/16
 15040 | Lair:1   | Reached skill level 1 in Spellcasting
 15609 | Lair:2   | Reached skill level 10 in Dodging
 15844 | Lair:2   | Found a hole to the Spider Nest.
 16386 | Lair:3   | Found a staircase to the Swamp.
 16575 | Lair:3   | You are sucked into a shaft and drop 2 floors!
 16575 | Lair:5   | Entered Level 5 of the Lair of Beasts
 16871 | Lair:5   | Found a staircase to the Slime Pits.
 16871 | Lair:5   | Found a viscous altar of Jiyva.
 17089 | Lair:5   | Noticed Urug
 17101 | Lair:5   | Killed Urug
 17102 | Lair:5   | Reached skill level 5 in Stealth
 17353 | Lair:5   | Acquired the ring of Dimm {rCorr Int+2 Dex+6}
 17622 | Lair:5   | Found a large runed translucent door.
 17629 | Lair:5   | Found a large runed translucent door.
 17656 | Lair:5   | Reached XP level 16. HP: 116/116 MP: 20/20
 18401 | Lair:4   | Reached skill level 17 in Shapeshifting
 18992 | Lair:4   | Reached skill level 15 in Unarmed Combat
 19491 | Lair:1   | Bought a phantom mirror for 480 gold pieces
 19491 | Lair:1   | Bought a potion of heal wounds for 60 gold pieces
 19582 | Orc:1    | Entered Level 1 of the Orcish Mines
 20025 | Orc:2    | Entered Level 2 of the Orcish Mines
 20275 | Orc:2    | Found a staircase to the Elven Halls.
 20355 | Orc:2    | Found Jaokk's Gadget Gallery.
 21056 | Orc:2    | Found Dububb's General Store.
 21056 | Orc:2    | Found Anaelib's Book Shoppe.
 21057 | Orc:2    | Found Leeruegu's Antique Armour Shoppe.
 21057 | Orc:2    | Found Wanecupni's Assorted Antiques.
 21064 | Orc:2    | Bought a scroll of revelation for 90 gold pieces
 21067 | Orc:2    | Bought 2 red potions for 59 gold pieces
 21068 | Orc:2    | Bought Maxwell's Memoranda for 532 gold pieces
 21072 | Orc:2    | Learned a level 3 spell: Vhi's Electric Charge
 21076 | Orc:2    | Bought a ring of protection from cold for 300 gold pieces
 21291 | Swamp:1  | Entered Level 1 of the Swamp
 21476 | Swamp:1  | Reached skill level 1 in Translocations
 21501 | Lair:3   | Learned a level 2 spell: Lesser Beckoning
 21572 | Swamp:1  | Noticed Frances
 21583 | Swamp:1  | Killed Frances
 21641 | Swamp:1  | Noticed Jorgrun
 21657 | Swamp:1  | Killed Jorgrun
 21686 | Swamp:1  | Found a burning altar of Makhleb.
 21750 | Swamp:1  | Noticed a fenstrider witch
 21756 | Swamp:1  | Paralysed by a fenstrider witch for 2 turns
 21764 | Swamp:1  | Killed a fenstrider witch
 21840 | Swamp:1  | Reached XP level 17. HP: 100/123 MP: 21/21
 22301 | Swamp:1  | Bought a book of Blood for 560 gold pieces
 22304 | Swamp:1  | Learned a level 2 spell: Wereblood
 22308 | Swamp:1  | Learned a level 3 spell: Swiftness
 22310 | Swamp:2  | Noticed Roxanne
 22430 | Swamp:2  | Killed Roxanne
 22512 | Swamp:2  | Reached skill level 1 in Transmutations
 22512 | Swamp:2  | Reached skill level 1 in Air Magic
 23226 | Swamp:3  | Reached skill level 18 in Shapeshifting
 23450 | Swamp:3  | Identified the +7 long sword of Hiurov {heavy, +Blink}
 23661 | Swamp:4  | Entered Level 4 of the Swamp
 23975 | Swamp:4  | Found a runed translucent door.
 23976 | Swamp:4  | Noticed caveywoolpert's ghost (adept MfMo)
 23994 | Swamp:4  | Killed caveywoolpert's ghost
 24000 | Swamp:4  | Identified the staff of Insufficient Pleasure {MP+9 Str+3
                  | Dex+2 Conj}
 24515 | Swamp:4  | Reached XP level 18. HP: 101/130 MP: 22/22
 24632 | Swamp:4  | Got a decaying rune of Zot
 24784 | Spider:1 | Entered Level 1 of the Spider Nest
 24954 | Spider:1 | Reached skill level 5 in Translocations
 25896 | Spider:2 | Identified the +2 war axe of Poalisme {pain, Dex+4}
 26845 | Spider:2 | Identified the +0 robe of Death Resistance {rElec rF- rC+}
 27066 | Spider:2 | You are sucked into a shaft and drop 1 floor!
 27742 | Spider:3 | Noticed Kirke
 27811 | Spider:3 | Killed Kirke
 28191 | Spider:4 | Entered Level 4 of the Spider Nest
 28397 | Spider:4 | Reached XP level 19. HP: 137/137 MP: 23/23
 28402 | Spider:4 | Reached skill level 19 in Shapeshifting
 28646 | Spider:4 | Reached skill level 5 in Transmutations
 28652 | Spider:4 | Noticed Arachne
 28664 | Spider:4 | Reached skill level 5 in Air Magic
 28666 | Spider:4 | Killed Arachne
 29072 | Spider:4 | Got a gossamer rune of Zot
 29827 | Slime:1  | Entered Level 1 of the Pits of Slime
 30075 | Slime:5  | Entered Level 5 of the Pits of Slime
 30136 | Slime:5  | Gained mutation: You are weak. (Str -2) [a shining eye]
 30147 | Slime:5  | Reached skill level 15 in Fighting
 30249 | Slime:5  | Noticed the Royal Jelly
 30528 | Slime:4  | Mangled by an acid blob

Illustrated notes

Levels and vault maps discovered:
D:1:      wheals_arrival_linesprint, layout_loops_corners
D:2:      layout_loops_ring, dilly_ecumenical_altar_fadedgnrine, basic_altar,
          minmay_heptomino_h4
D:3:      layout_basic, minmay_puff
D:4:      layout_rooms, mainiacjoe_overflow_surrounded_room, zin_statuary,
          mainiacjoe_overflow_concentric_impassable, serial_undead,
          serial_undead_b, serial_undead_a, serial_undead_c, serial_undead_b,
          uniq_duvessa, uniq_natasha
D:5:      layout_basic, mainiacjoe_overflow_six_doors_small
D:6:      layout_rooms, minmay_temple_entry_hall, minivault_23, kennysheep_boxes
D:7:      wad_lake_hut, layout_loops_ring, grunt_decor_mini_mirrors,
          nicolae_shop_self_help
D:8:      layout_rooms, hellmonk_ghost_happy_afterlife
D:9:      layout_loops_ring, serial_shops, nicolae_book_shop_shelving,
          uniq_maggie
D:10:     layout_basic, dancing_weapons_uskayaw, eino_tiny_chamber,
          serial_bayou_lake_a, uniq_snorg
D:11:     layout_stronghold, erik_lair_island, minivault_4, uniq_fannar
D:12:     evilmike_iron_armoury, layout_basic, erik_orc_2,
          minmay_increasing_density
D:13:     layout_gridville
D:14:     layout_basic, grunt_vaults_entry_tiered, special_room
          [special_room_mythical_zoo], minmay_misc_feat_diagonals, uniq_nessos
D:15:     grunt_enter_depths_snipers, layout_loops_ring, serial_glass,
          glass_columns_a, glass_columns_b, minmay_strange_pillars,
          item_on_display_a, due_unseen_surprise, item_on_display_a,
          grunt_decor_resistance
Temple:   nicolae_temple_bog_church
Lair:1:   layout_roguey [special_room_bee], gauntlet_entry_generic,
          cheibrodos_lair_caveside_slide, uniq_nergalle
Lair:2:   layout_chaotic_city, spider_nest_entry_rubble, minivault_24,
          infiniplex_staircase_pool_2, grunt_megastairs_5
Lair:3:   layout_gridlike, minmay_swamp_entry_wisps, serial_rivers,
          chequers_serial_rivers_micro_d, chequers_serial_rivers_micro_e,
          chequers_serial_rivers_room_b, chequers_serial_rivers_small_b,
          chequers_serial_rivers_micro_b, chequers_serial_rivers_micro_a,
          lemuel_fruit_tree
Lair:4:   cheibrodos_lair_overgrown_chateau, layout_hall_layers
Lair:5:   cheibrodos_lair_end_hotspot, layout_cave_shapes, slime_entry_1,
          chequers_serial_rivers_marsh, uniq_urug
Swamp:1:  nicolae_swamp_ascending_descending, layout_falls_marsh,
          nicolae_swamp_godswood, swamp_pool5, nicolae_swamp_super_fun_site,
          uniq_jorgrun, uniq_frances
Swamp:2:  layout_basic_swamp, hangedman_swamp_cone, swamp_pool4, uniq_roxanne
Swamp:3:  layout_basic_swamp, nicolae_swamp_round_clearing, swamp_pool3
Swamp:4:  swamp_icy, layout_basic_swamp, ebering_ghost_reflecting_pool
Spider:1: layout_cave_pods, nicolae_spider_undead_wolf_pack
Spider:2: layout_spider_delve, guppyfry_spider_mini_2,
          hangedman_spider_tarantella_strand
Spider:3: layout_spider_delve, special_room, nicolae_spider_bug_shape,
          uniq_kirke
Spider:4: johnstein_spider_rune_arachne_lair
Slime:1:  layout_caves
Slime:2:  layout_caves, nicolae_slime_phagocytosis
Slime:3:  layout_caves
Slime:4:  layout_caves
Slime:5:  slime_pit_nicolae_jellycorners
Orc:1:    layout_diamond_mine, mines1_david
Orc:2:    st_orc_pillars, layout_caves, nicolae_shop_gadgets

Skill      XL: |  1  2  3  4  5  6  7  8  9 10 11 12 13 14 15 16 17 18 19 |
---------------+----------------------------------------------------------+-----
Fighting       | 2 3 4 5 6 7 8 9 10 11 12 13 14 15 | 15.0
Shapeshifting  | 4 5 6 7 9 11 12 14 15 16 17 18 19 | 19.5
Unarmed Combat | 4 5 6 8 9 10 11 12 13 14 15 16 17 18 | 18.6
Dodging        | 4 5 7 8 9 10 | 10.0
Ice Magic      | 2 4 5 6 |  6.0
Stealth        | 1 6 9 |  9.0
Spellcasting   | 3 |  3.0
Translocations | 1 4 6 |  6.0
Transmutations | 3 4 5 |  5.0
Air Magic      | 3 4 6 |  6.0

Action                     |  1- 3 |  4- 6 |  7- 9 | 10-12 | 13-15 | 16-18 | 19-21 || total
---------------------------+-------+-------+-------+-------+-------+-------+-------++-------
  Melee: Unarmed           |    54 |    20 |    77 |   298 |   934 |  1338 |   287 ||  3008
         Constrict         |    11 |     5 |    28 |    66 |   199 |   185 |     4 ||   498
         Tentacles         |    10 |     3 |    31 |    37 |       |   106 |    51 ||   238
         Mace              |       |       |    87 |    53 |       |       |       ||   140
         Punch             |       |       |     2 |    15 |       |    80 |    48 ||   145
         Bite              |       |       |       |       |       |    38 |    19 ||    57
         Tailslap          |       |       |       |       |       |    37 |    28 ||    65
   Fire: Sling             |       |   107 |       |       |       |       |       ||   107
   Cast: Ozocubu's Armour  |       |       |       |     2 |     8 |    10 |     1 ||    21
         Vhi's Electric Ch |       |       |       |       |       |    16 |     9 ||    25
         Lesser Beckoning  |       |       |       |       |       |     9 |     9 ||    18
         Wereblood         |       |       |       |       |       |     6 |     3 ||     9
         Apportation       |       |       |       |       |       |     2 |       ||     2
         Swiftness         |       |       |       |       |       |       |     1 ||     1
 Invoke: Call Merchant     |       |       |       |       |     4 |     3 |       ||     7
Ability: Begin Untransform |       |       |       |     1 |     2 |       |       ||     3
         Breathe Fire      |       |       |       |       |       |     3 |       ||     3
  Evoke: Wand              |       |       |     5 |     2 |     3 |       |       ||    10
         Phantom mirror    |       |       |       |       |       |     1 |       ||     1
    Use: Scroll            |       |       |    10 |     2 |    11 |    16 |     5 ||    44
         Potion            |       |       |     2 |     1 |     1 |     2 |     5 ||    11
   Stab: Sleeping          |    11 |     2 |    10 |     2 |    14 |    44 |     2 ||    85
         Distracted        |       |       |       |       |     6 |    21 |     4 ||    31
 Armour: Skin              |     1 |    23 |    47 |   119 |   435 |   684 |   253 ||  1562
  Dodge: Dodged            |    23 |    28 |    76 |   287 |   869 |  1516 |   402 ||  3201
  Block: Other             |       |     4 |     1 |     1 |       |       |       ||     6
         Reflection        |       |     2 |       |       |       |    15 |       ||    17
         Kite shield       |       |       |    99 |    26 |       |       |       ||   125
         Buckler           |       |       |       |       |       |   273 |    73 ||   346
   Form: Blade             |       |       |       |     2 |       |       |       ||     2
         Anaconda          |       |       |       |     3 |     2 |       |       ||     5
         Statue            |       |       |       |       |       |     2 |     1 ||     3
         Dragon            |       |       |       |       |       |     2 |     1 ||     3

Table legend: (Time is in decaauts)
 A = Elapsed time spent in this place.
 B = Non-inter-level travel time spent in this place.
 C = Inter-level travel time spent in this place.
 D = Time resting spent in this place.
 E = Time spent auto-exploring this place.
 F = Levels seen in this place.
 G = Mean time per level.
                   A        B        C        D        E       F      G
               +--------+--------+--------+--------+--------+-----+--------+
         Total |  32225 |  30504 |   1721 |   1777 |  20808 |  37 |  870.9 |
       Dungeon |  13878 |  13332 |    546 |    917 |   9385 |  15 |  925.2 |
        Temple |     21 |     13 |      8 |      0 |      0 |   1 |   21.0 |
          Lair |   5346 |   4810 |    536 |    123 |   3406 |   5 | 1069.2 |
         Swamp |   4961 |   4691 |    270 |    215 |   3117 |   4 | 1240.2 |
   Spider Nest |   4978 |   4700 |    278 |    137 |   3543 |   4 | 1244.5 |
    Slime Pits |    897 |    897 |      0 |    248 |    109 |   5 |  179.4 |
  Orcish Mines |   1514 |   1434 |     80 |     66 |    961 |   2 |  757.0 |
      Gauntlet |    628 |    628 |      0 |     71 |    286 |   1 |  628.0 |
               +--------+--------+--------+--------+--------+-----+--------+

Top non-repeatable levels by time:
 Swamp:4: 1775 daAuts
  Lair:5: 1638 daAuts
Spider:2: 1524 daAuts
    D:12: 1382 daAuts
Spider:4: 1354 daAuts
     D:7: 1342 daAuts
Spider:1: 1311 daAuts
    D:14: 1135 daAuts
 Swamp:3: 1122 daAuts
 Swamp:2: 1093 daAuts
     D:1: 1080 daAuts
    D:15: 1027 daAuts
     D:9: 1018 daAuts
    D:11: 986 daAuts
 Swamp:1: 969 daAuts
